[Event "ESTCC 65 2019"]
[Site "Mali Losinj"]
[Date "2019.09.23"]
[Round "6.11"]
[White "Hammar, Bengt"]
[Black "Staechelin, Ruedi"]
[Result "1-0"]
[ECO "B01"]
[WhiteElo "2161"]
[BlackElo "2002"]
[Annotator "NA"]
[PlyCount "129"]
[EventDate "2019.09.18"]
[EventType "team-tourn"]
[EventCountry "CRO"]
[SourceTitle "playchess.com"]
[Source "ChessBase"]
[SourceQuality "1"]
[WhiteTeam "Sweden"]
[BlackTeam "Switzerland"]
[WhiteTeamCountry "SWE"]
[BlackTeamCountry "SUI"]
[TimeControl "40/5400+30:1800+30"]

1. e4 d5 2. exd5 Qxd5 3. Nc3 Qd8 4. d4 Nf6 5. Bf4 c6 6. Nf3 Bg4 7. Be2 e6 8. h3 Bxf3 9. Bxf3 Nbd7 10. O-O Be7 11. Ne4 Nxe4 12. Bxe4 Nf6 13. Bf3 O-O 14. c4 Qd7 15. Qd2 Rfe8 16. Rad1 a6 17. Qc2 Rac8 18. Qa4 Red8 19. Be5 h6 20. Rfe1 Ra8 21. Qc2 Qc8 22. Re3 Nd7 23. Bg3 Bf6 24. Qe2 Nf8 25. d5 cxd5 26. cxd5 Ra7 27. Bg4 b5 28. Red3 Qc5 29. dxe6 Rxd3 30. exf7+ Rxf7 31. Qxd3 Be5 32. Bxe5 Qxe5 33. Qb3 Qf6 34. Bf3 Kh8 35. Re1 Rc7 36. Bd5 Qd8 37. Qf3 Nd7 38. b4 Nf6 39. Bb3 Qc8 40. Qf4 Qd8 41. Re6 Ra7 42. Qe5 Ra8 43. Qd6 Qxd6 44. Rxd6 Kh7 45. Bc2+ Kg8 46. Bg6 Kf8 47. a3 Ke7 48. Rb6 Ra7 49. Bf5 Nd5 50. Re6+ Kf7 51. Rd6 Nf6 52. Bc8 a5 53. Rb6 axb4 54. axb4 Ra1+ 55. Kh2 Rc1 56. Bf5 Rd1 57. Rb7+ Kf8 58. Rxb5 Rd2 59. Kg3 Rb2 60. Rb8+ Ke7 61. Rb7+ Kd6 62. Bg6 Kc6 63. Rxg7 Rxb4 64. Rf7 Rb3+ 65. f3 1-0

[Event "ESTCC 65 2019"]
[Site "Mali Losinj"]
[Date "2019.09.23"]
[Round "6.12"]
[White "Illi, Hans-Joerg"]
[Black "Malmdin, Nils-Ake"]
[Result "0-1"]
[ECO "B08"]
[WhiteElo "1987"]
[BlackElo "2142"]
[Annotator "NA"]
[PlyCount "58"]
[EventDate "2019.09.18"]
[EventType "team-tourn"]
[EventCountry "CRO"]
[SourceTitle "playchess.com"]
[Source "ChessBase"]
[SourceQuality "1"]
[WhiteTeam "Switzerland"]
[BlackTeam "Sweden"]
[WhiteTeamCountry "SUI"]
[BlackTeamCountry "SWE"]
[TimeControl "40/5400+30:1800+30"]

1. d4 g6 2. e4 Bg7 3. Nc3 d6 4. Nf3 Nf6 5. Be2 O-O 6. O-O Nc6 7. Bf4 Bg4 8. Qd2 Bxf3 9. Bxf3 e5 10. Be3 exd4 11. Bxd4 Nxe4 12. Bxe4 Nxd4 13. Bxb7 Rb8 14. Bd5 Qh4 15. Rab1 c6 16. g3 Qg4 17. Bg2 d5 18. Nd1 Rfe8 19. c3 Nf3+ 20. Bxf3 Qxf3 21. Ne3 Bh6 22. Rbe1 f5 23. Qd1 Rxe3 24. Rxe3 Qxd1 25. Rxd1 Bxe3 26. fxe3 Rxb2 27. c4 dxc4 28. Rc1 Rxa2 29. Rxc4 Ra6 0-1

[Event "ESTCC 65 2019"]
[Site "Mali Losinj"]
[Date "2019.09.23"]
[Round "6.13"]
[White "Carlsten, Peter"]
[Black "Lofgren, Claes"]
[Result "1-0"]
[ECO "B43"]
[WhiteElo "1986"]
[BlackElo "2059"]
[Annotator "NA"]
[PlyCount "67"]
[EventDate "2019.09.18"]
[EventType "team-tourn"]
[EventCountry "CRO"]
[SourceTitle "playchess.com"]
[Source "ChessBase"]
[SourceQuality "1"]
[WhiteTeam "Sweden"]
[BlackTeam "Denmark"]
[WhiteTeamCountry "SWE"]
[BlackTeamCountry "DEN"]
[TimeControl "40/5400+30:1800+30"]

1. e4 c5 2. Nf3 e6 3. d4 cxd4 4. Nxd4 a6 5. Nc3 Qc7 6. Be2 Nf6 7. O-O b5 8. Bf3 e5 9. Nf5 b4 10. Nd5 Nxd5 11. Qxd5 Bb7 12. Qd3 Nc6 13. Be3 g6 14. Ng3 Be7 15. Rfd1 d6 16. Nf1 O-O 17. Bh6 Rfd8 18. c3 a5 19. Ne3 Na7 20. Rac1 Qb6 21. Be2 Rac8 22. Nc4 Qb5 23. Be3 Nc6 24. Qc2 Ba6 25. Bb6 Nb8 26. Bxd8 Bxd8 27. Nxd6 Qxe2 28. Nxc8 Bg5 29. Qxe2 Bxe2 30. Re1 Ba6 31. cxb4 Bxc1 32. Rxc1 axb4 33. Nb6 Kg7 34. Nd5 1-0

[Event "ESTCC 65 2019"]
[Site "Mali Losinj"]
[Date "2019.09.23"]
[Round "6.14"]
[White "Nielsen, Jorgen Lovgren"]
[Black "Ahlstrom, Per"]
[Result "1-0"]
[ECO "B07"]
[WhiteElo "2052"]
[BlackElo "1838"]
[Annotator "NA"]
[PlyCount "72"]
[EventDate "2019.09.18"]
[EventType "team-tourn"]
[EventCountry "CRO"]
[SourceTitle "playchess.com"]
[Source "ChessBase"]
[SourceQuality "1"]
[WhiteTeam "Denmark"]
[BlackTeam "Sweden"]
[WhiteTeamCountry "DEN"]
[BlackTeamCountry "SWE"]
[TimeControl "40/5400+30:1800+30"]

1. e4 d6 2. d4 Nf6 3. Nc3 g6 4. Bc4 Bg7 5. Qe2 Nc6 6. Nf3 Bg4 7. Be3 Bxf3 8. gxf3 Nd7 9. O-O-O a6 10. h4 h5 11. f4 Na5 12. Bd3 b5 13. e5 Nb6 14. f5 gxf5 15. Bxf5 e6 16. Be4 d5 17. Bf3 Nac4 18. Bg5 Bh6 19. Rdg1 Qe7 20. Bxh6 Rxh6 21. Rg8+ Kd7 22. Rg7 Qb4 23. Nd1 Rf8 24. Bxh5 Qa5 25. Kb1 Na4 26. Bxf7 Ncxb2 27. Bxe6+ Kc6 28. Bxd5+ Kb6 29. Qg4 Nxd1 30. Rg6+ c6 31. Rxh6 Ndc3+ 32. Kc1 Nxa2+ 33. Bxa2 Qc3 34. Qe4 Qb2+ 35. Kd2 Qc3+ 36. Ke2 Qc4+ 1-0

[Event "ESTCC 65 2019"]
[Site "Mali Losinj"]
[Date "2019.09.23"]
[Round "6.15"]
[White "Dalling, Peter"]
[Black "Nielsen, Preben Lovgren"]
[Result "0-1"]
[ECO "C50"]
[WhiteElo "1824"]
[BlackElo "2007"]
[Annotator "NA"]
[PlyCount "40"]
[EventDate "2019.09.18"]
[EventType "team-tourn"]
[EventCountry "CRO"]
[SourceTitle "playchess.com"]
[Source "ChessBase"]
[SourceQuality "1"]
[WhiteTeam "Sweden"]
[BlackTeam "Denmark"]
[WhiteTeamCountry "SWE"]
[BlackTeamCountry "DEN"]
[TimeControl "40/5400+30:1800+30"]

1. e4 e5 2. Nf3 Nc6 3. Bc4 Nf6 4. d3 Bc5 5. O-O d6 6. h3 h6 7. Nc3 a6 8. a4 g5 9. Bxg5 hxg5 10. Nxg5 Rf8 11. Kh1 Nd4 12. Bxf7+ Rxf7 13. Nxf7 Kxf7 14. f4 Bg4 15. Qd2 Qh8 16. fxe5 dxe5 17. Nd5 Be7 18. Rf2 Bxh3 19. Ne3 Bxg2+ 20. Kxg2 Rg8+ 0-1

[Event "ESTCC 65 2019"]
[Site "Mali Losinj"]
[Date "2019.09.23"]
[Round "6.16"]
[White "Fabrin, Morten"]
[Black "Palsson, Bertil"]
[Result "1/2-1/2"]
[ECO "A36"]
[WhiteElo "1998"]
[BlackElo "1784"]
[Annotator "NA"]
[PlyCount "93"]
[EventDate "2019.09.18"]
[EventType "team-tourn"]
[EventCountry "CRO"]
[SourceTitle "playchess.com"]
[Source "ChessBase"]
[SourceQuality "1"]
[WhiteTeam "Denmark"]
[BlackTeam "Sweden"]
[WhiteTeamCountry "DEN"]
[BlackTeamCountry "SWE"]
[TimeControl "40/5400+30:1800+30"]

1. c4 c5 2. Nc3 Nf6 3. g3 g6 4. Bg2 Bg7 5. e3 e5 6. Nge2 O-O 7. O-O Nc6 8. Rb1 d6 9. d3 a6 10. a3 Qc7 11. b4 Rb8 12. b5 axb5 13. Rxb5 Bd7 14. Rb1 Na7 15. a4 Bc6 16. Nb5 Nxb5 17. axb5 Bxg2 18. Kxg2 Ra8 19. Nc3 b6 20. Qf3 Ra7 21. Bb2 Rfa8 22. Nd5 Qb7 23. Nxf6+ Bxf6 24. e4 Bg7 25. Qg4 Qd7 26. Qg5 Qe7 27. Qe3 Ra2 28. Ra1 Rxa1 29. Rxa1 Rxa1 30. Bxa1 h5 31. Qd2 Qa7 32. Qb2 Qa4 33. h4 Bh6 34. Qb1 Qa5 35. Qd1 Qd2 36. Qxd2 Bxd2 37. f3 f6 38. Kf2 Kf7 39. Ke2 Bb4 40. Bb2 g5 41. Bc1 gxh4 42. gxh4 Kg6 43. Bd2 Bxd2 44. Kxd2 Kh6 45. Ke3 Kg6 46. f4 Kh6 47. f5 1/2-1/2

[Event "ESTCC 65 2019"]
[Site "Mali Losinj"]
[Date "2019.09.23"]
[Round "6.17"]
[White "Kolbak, Jens"]
[Black "Rooze, Jan"]
[Result "0-1"]
[ECO "D40"]
[WhiteElo "2173"]
[BlackElo "2281"]
[Annotator "NA"]
[PlyCount "68"]
[EventDate "2019.09.18"]
[EventType "team-tourn"]
[EventCountry "CRO"]
[SourceTitle "playchess.com"]
[Source "ChessBase"]
[SourceQuality "1"]
[WhiteTeam "Denmark"]
[BlackTeam "Belgium"]
[WhiteTeamCountry "DEN"]
[BlackTeamCountry "BEL"]
[TimeControl "40/5400+30:1800+30"]

1. d4 Nf6 2. c4 e6 3. Nf3 c5 4. e3 a6 5. Nc3 d5 6. Be2 dxc4 7. Bxc4 Nbd7 8. dxc5 Bxc5 9. a4 Qc7 10. Qe2 b6 11. O-O Bb7 12. Bd2 O-O 13. Bb3 Rad8 14. e4 h6 15. Rad1 Nh5 16. Ne1 Nf4 17. Bxf4 Qxf4 18. Nd3 Qg5 19. Nxc5 Nxc5 20. Bc2 a5 21. f4 Qe7 22. e5 Ba6 23. Nb5 Rxd1 24. Rxd1 Rd8 25. Qc4 Rxd1+ 26. Bxd1 Qd7 27. Be2 Qd2 28. Bf1 Bxb5 29. Qxb5 Qe3+ 30. Kh1 Qxf4 31. h3 g6 32. Kg1 Qd4+ 33. Kh1 Nd7 34. b3 Nxe5 0-1

[Event "ESTCC 65 2019"]
[Site "Mali Losinj"]
[Date "2019.09.23"]
[Round "6.18"]
[White "Van Herck, Marcel"]
[Black "Olesen, Poul Erik Norgaard"]
[Result "1-0"]
[ECO "E73"]
[WhiteElo "2088"]
[BlackElo "1996"]
[Annotator "NA"]
[PlyCount "53"]
[EventDate "2019.09.18"]
[EventType "team-tourn"]
[EventCountry "CRO"]
[SourceTitle "playchess.com"]
[Source "ChessBase"]
[SourceQuality "1"]
[WhiteTeam "Belgium"]
[BlackTeam "Denmark"]
[WhiteTeamCountry "BEL"]
[BlackTeamCountry "DEN"]
[TimeControl "40/5400+30:1800+30"]

1. d4 g6 2. c4 Bg7 3. Nc3 Nf6 4. e4 d6 5. Be2 O-O 6. Bg5 h6 7. Be3 e5 8. d5 a5 9. Qd2 Kh7 10. f3 Na6 11. g4 Nc5 12. h4 Ng8 13. h5 g5 14. Bd1 Bd7 15. Nge2 Bf6 16. Ng3 Ne7 17. Bc2 Nc8 18. b3 Nb6 19. Qe2 Be7 20. O-O Qc8 21. a3 Na6 22. Nf5 Re8 23. Rfb1 c5 24. dxc6 Qxc6 25. Nxe7 Rxe7 26. Nd5 Nxd5 27. exd5+ 1-0

[Event "ESTCC 65 2019"]
[Site "Mali Losinj"]
[Date "2019.09.23"]
[Round "6.19"]
[White "Jorgensen, Arne Bjorn"]
[Black "Van de Wynkele, Herman"]
[Result "1/2-1/2"]
[ECO "A57"]
[WhiteElo "1996"]
[BlackElo "2085"]
[Annotator "NA"]
[PlyCount "93"]
[EventDate "2019.09.18"]
[EventType "team-tourn"]
[EventCountry "CRO"]
[SourceTitle "playchess.com"]
[Source "ChessBase"]
[SourceQuality "1"]
[WhiteTeam "Denmark"]
[BlackTeam "Belgium"]
[WhiteTeamCountry "DEN"]
[BlackTeamCountry "BEL"]
[TimeControl "40/5400+30:1800+30"]

1. d4 Nf6 2. c4 c5 3. d5 b5 4. Qc2 Na6 5. a3 Nc7 6. e4 bxc4 7. Bxc4 e6 8. Nc3 Bb7 9. Qd3 exd5 10. exd5 Bd6 11. Nf3 Qe7+ 12. Be3 O-O 13. O-O Ng4 14. Rfe1 f5 15. Bf4 Qf6 16. Bxd6 Qxd6 17. Re2 g6 18. Rd1 Rae8 19. Rde1 Rxe2 20. Rxe2 Kg7 21. Re1 Re8 22. Rxe8 Nxe8 23. Nb5 Qf6 24. h3 Ne5 25. Nxe5 Qxe5 26. Nxa7 Nd6 27. Nb5 Nxc4 28. Qxc4 Qxd5 29. Qxd5 Bxd5 30. f4 Kf6 31. Kf2 Ke7 32. g3 Bc6 33. Nc3 d5 34. Ne2 Kd6 35. Ng1 d4 36. Nf3 Bxf3 37. Kxf3 c4 38. Ke2 Kd5 39. Kd2 Ke4 40. h4 Kf3 41. Kd1 Ke4 42. Kd2 Kd5 43. Kc2 Ke4 44. Kd2 d3 45. a4 Kd4 46. a5 Kc5 47. b4+ 1/2-1/2

[Event "ESTCC 65 2019"]
[Site "Mali Losinj"]
[Date "2019.09.23"]
[Round "6.20"]
[White "Schrickx, Frank"]
[Black "Andersson, Finn"]
[Result "1-0"]
[ECO "B22"]
[WhiteElo "1813"]
[BlackElo "1771"]
[Annotator "NA"]
[PlyCount "85"]
[EventDate "2019.09.18"]
[EventType "team-tourn"]
[EventCountry "CRO"]
[SourceTitle "playchess.com"]
[Source "ChessBase"]
[SourceQuality "1"]
[WhiteTeam "Belgium"]
[BlackTeam "Denmark"]
[WhiteTeamCountry "BEL"]
[BlackTeamCountry "DEN"]
[TimeControl "40/5400+30:1800+30"]

1. e4 c5 2. c3 Nf6 3. e5 Nd5 4. d4 cxd4 5. cxd4 Nc6 6. Nf3 d6 7. Bc4 Nb6 8. Bb5 dxe5 9. Nxe5 Bd7 10. Nxd7 Qxd7 11. O-O a6 12. Bxc6 Qxc6 13. Nc3 e6 14. Be3 Rd8 15. Qb3 Be7 16. Rac1 O-O 17. Ne2 Qd6 18. Bf4 Qb4 19. Qxb4 Bxb4 20. Bc7 Nd5 21. Bxd8 Rxd8 22. Rfd1 Ba5 23. g3 Bb6 24. Nc3 Ne7 25. Ne2 Kf8 26. Kg2 Ke8 27. a3 Rd7 28. Kf1 Kd8 29. Ke1 f6 30. Nf4 Rd6 31. Nh5 Nf5 32. g4 Nxd4 33. Nxg7 Rd5 34. Kf1 Ke7 35. h3 Rb5 36. b4 a5 37. Rc4 Nc6 38. Re1 Ne5 39. Rce4 axb4 40. axb4 Rd5 41. f4 Ng6 42. Rxe6+ Kf8 43. Rxb6 1-0

[Event "ESTCC 65 2019"]
[Site "Mali Losinj"]
[Date "2019.09.23"]
[Round "6.21"]
[White "Grahn, Lars"]
[Black "Singer, Hans"]
[Result "1/2-1/2"]
[ECO "E70"]
[WhiteElo "2024"]
[BlackElo "2184"]
[Annotator "NA"]
[PlyCount "61"]
[EventDate "2019.09.18"]
[EventType "team-tourn"]
[EventCountry "CRO"]
[SourceTitle "playchess.com"]
[Source "ChessBase"]
[SourceQuality "1"]
[WhiteTeam "Sweden"]
[BlackTeam "Austria"]
[WhiteTeamCountry "SWE"]
[BlackTeamCountry "AUT"]
[TimeControl "40/5400+30:1800+30"]

1. d4 Nf6 2. c4 g6 3. Nc3 Bg7 4. e4 d6 5. Nge2 O-O 6. Ng3 c5 7. d5 e6 8. Be2 exd5 9. exd5 Na6 10. O-O Nc7 11. a4 Nfe8 12. Be3 f5 13. Qd2 a6 14. Bg5 Bf6 15. Bxf6 Qxf6 16. Bd3 b6 17. Rab1 a5 18. Rfe1 Bd7 19. b3 Ng7 20. Bc2 Rae8 21. Rxe8 Rxe8 22. Re1 Re5 23. Re2 Nce8 24. f4 Rxe2 25. Ngxe2 Qe7 26. Ng3 Kf7 27. Qe2 Qf6 28. Qe3 Qh4 29. Qf2 Qe7 30. Qe2 Qh4 31. Qf2 1/2-1/2

[Event "ESTCC 65 2019"]
[Site "Mali Losinj"]
[Date "2019.09.23"]
[Round "6.22"]
[White "Woeber, Friedrich"]
[Black "Wademark, Helge"]
[Result "1/2-1/2"]
[ECO "C07"]
[WhiteElo "2126"]
[BlackElo "1994"]
[Annotator "NA"]
[PlyCount "60"]
[EventDate "2019.09.18"]
[EventType "team-tourn"]
[EventCountry "CRO"]
[SourceTitle "playchess.com"]
[Source "ChessBase"]
[SourceQuality "1"]
[WhiteTeam "Austria"]
[BlackTeam "Sweden"]
[WhiteTeamCountry "AUT"]
[BlackTeamCountry "SWE"]
[TimeControl "40/5400+30:1800+30"]

1. e4 e6 2. d4 d5 3. Nd2 a6 4. Ngf3 c5 5. exd5 Qxd5 6. c4 Qc6 7. Be2 Nf6 8. O-O Nbd7 9. Re1 Be7 10. Bd3 cxd4 11. Nxd4 Qc7 12. N2f3 O-O 13. Qe2 Bb4 14. Rd1 Re8 15. Nc2 Bf8 16. Bg5 b6 17. b4 Bb7 18. Bh4 e5 19. Bg3 Qc6 20. Bf5 Rad8 21. a3 g6 22. Bxd7 Nxd7 23. Ne3 Bg7 24. Ra2 f6 25. Rad2 Qc7 26. Nd5 Bxd5 27. Rxd5 Nf8 28. Rxd8 Rxd8 29. Rxd8 Qxd8 30. Qd2 Qxd2 1/2-1/2

[Event "ESTCC 65 2019"]
[Site "Mali Losinj"]
[Date "2019.09.23"]
[Round "6.23"]
[White "Bernhardsson, Sten"]
[Black "Titz, Heimo"]
[Result "1/2-1/2"]
[ECO "A47"]
[WhiteElo "1956"]
[BlackElo "1971"]
[Annotator "NA"]
[PlyCount "82"]
[EventDate "2019.09.18"]
[EventType "team-tourn"]
[EventCountry "CRO"]
[SourceTitle "playchess.com"]
[Source "ChessBase"]
[SourceQuality "1"]
[WhiteTeam "Sweden"]
[BlackTeam "Austria"]
[WhiteTeamCountry "SWE"]
[BlackTeamCountry "AUT"]
[TimeControl "40/5400+30:1800+30"]

1. d4 Nf6 2. Nf3 e6 3. g3 c5 4. c3 b6 5. Bg2 Bb7 6. O-O d6 7. Re1 Be7 8. Nbd2 cxd4 9. cxd4 O-O 10. b3 Nbd7 11. Ba3 d5 12. Bxe7 Qxe7 13. Qc1 Rac8 14. Qb2 Rc7 15. Rac1 Rfc8 16. Rxc7 Rxc7 17. Rc1 Rxc1+ 18. Qxc1 Qd6 19. e3 Kf8 20. Bf1 Ne4 21. Bd3 Nxd2 22. Nxd2 h6 23. Bb5 Ke7 24. Nf3 f6 25. Qc2 Nf8 26. Nh4 Kf7 27. Bd3 Qc6 28. Qxc6 Bxc6 29. f4 g5 30. Nf3 Ke7 31. Kf2 Be8 32. h4 g4 33. Nd2 Bg6 34. Be2 h5 35. b4 Kd6 36. Bb5 Ke7 37. Ke2 Be8 38. Bd3 Bg6 39. Bb5 Be8 40. Bd3 Bg6 41. Bb5 Be8 1/2-1/2

[Event "ESTCC 65 2019"]
[Site "Mali Losinj"]
[Date "2019.09.23"]
[Round "6.24"]
[White "Strobel, Ferdinand"]
[Black "Nordenstrom, Sven"]
[Result "0-1"]
[ECO "A03"]
[WhiteElo "1956"]
[BlackElo "1874"]
[Annotator "NA"]
[PlyCount "84"]
[EventDate "2019.09.18"]
[EventType "team-tourn"]
[EventCountry "CRO"]
[SourceTitle "playchess.com"]
[Source "ChessBase"]
[SourceQuality "1"]
[WhiteTeam "Austria"]
[BlackTeam "Sweden"]
[WhiteTeamCountry "AUT"]
[BlackTeamCountry "SWE"]
[TimeControl "40/5400+30:1800+30"]

1. f4 Nf6 2. Nf3 d5 3. g3 e6 4. Bg2 Be7 5. d3 O-O 6. O-O c5 7. c3 Nc6 8. Qe1 d4 9. h3 Qc7 10. Na3 a6 11. Qf2 Nd7 12. e4 dxe3 13. Bxe3 Rb8 14. Nc2 b6 15. Rad1 e5 16. fxe5 Ncxe5 17. Nxe5 Nxe5 18. Bf4 Bd6 19. Ne3 Ng6 20. Nd5 Qd8 21. Bxd6 Qxd6 22. d4 cxd4 23. Rxd4 Qc5 24. b4 Qd6 25. Re1 Kh8 26. Ne7 Qc7 27. Nd5 Qa7 28. h4 Be6 29. h5 Ne7 30. Nxe7 Qxe7 31. Qf4 h6 32. Bh3 Rbc8 33. c4 Qxb4 34. Re3 Bxh3 35. Kh2 Be6 36. g4 Rxc4 37. Rxc4 Qxc4 38. Qd6 Qc5 39. Qf4 Rd8 40. Re5 Qc3 41. Re2 Qd3 42. Rg2 Qd6 0-1

[Event "ESTCC 65 2019"]
[Site "Mali Losinj"]
[Date "2019.09.23"]
[Round "6.25"]
[White "Hutchinson, Paul A"]
[Black "Vadlja, Stjepan"]
[Result "1-0"]
[ECO "E14"]
[WhiteElo "2124"]
[BlackElo "1636"]
[Annotator "NA"]
[PlyCount "145"]
[EventDate "2019.09.18"]
[EventType "team-tourn"]
[EventCountry "CRO"]
[SourceTitle "playchess.com"]
[Source "ChessBase"]
[SourceQuality "1"]
[WhiteTeam "England"]
[BlackTeam "Croatia"]
[WhiteTeamCountry "ENG"]
[BlackTeamCountry "CRO"]
[TimeControl "40/5400+30:1800+30"]

1. d4 Nf6 2. Nf3 d5 3. e3 e6 4. c4 Be7 5. Bd3 O-O 6. O-O b6 7. Nc3 Bb7 8. b3 Re8 9. Bb2 Nbd7 10. Qe2 Nf8 11. Rfd1 a5 12. Ne5 N6d7 13. f4 Bf6 14. Nf3 g6 15. g4 Bg7 16. g5 f6 17. h4 Qe7 18. Qf2 c5 19. Nb5 Rec8 20. Re1 Bc6 21. a4 Bb7 22. Re2 Nb8 23. Rc1 Nc6 24. e4 Qd7 25. dxc5 bxc5 26. gxf6 Bh6 27. Ng5 Bxg5 28. hxg5 d4 29. e5 Na7 30. Nd6 Rcb8 31. Qg3 Nc8 32. Nxb7 Rxb7 33. Be4 Rab8 34. Bxb7 Qxb7 35. Ba3 Qc6 36. Rb1 Na7 37. Rbb2 Rd8 38. Rbd2 Qb6 39. Rd3 Nc6 40. Qe1 Rd7 41. Rh2 Nb4 42. Bxb4 axb4 43. a5 Qxa5 44. Rdd2 Qa6 45. Ra2 Qc6 46. Qe2 Rc7 47. Qg2 Qd7 48. Qe4 Ra7 49. Rhd2 Ra3 50. Rxa3 bxa3 51. Ra2 Qa7 52. Kf2 Qa5 53. Qe1 Qa7 54. b4 Qa4 55. bxc5 Qxc4 56. Rxa3 Qxc5 57. Rd3 Nd7 58. Qd1 Nb6 59. Rxd4 Nd5 60. Kf3 Qa3+ 61. Rd3 Qa2 62. Qb3 Qa8 63. Kg3 Kf7 64. Qa3 Qb7 65. Rb3 Qc7 66. Qd6 Qa7 67. Kf3 Qa8 68. Qd7+ Ne7+ 69. Kg3 Qf8 70. Rb7 Qe8 71. Qxe8+ Kxe8 72. Rxe7+ Kf8 73. Rxh7 1-0

[Event "ESTCC 65 2019"]
[Site "Mali Losinj"]
[Date "2019.09.23"]
[Round "6.27"]
[White "Reuben, Stewart"]
[Black "Novak, Stjepan"]
[Result "1-0"]
[ECO "A56"]
[WhiteElo "1983"]
[BlackElo "1503"]
[Annotator "NA"]
[PlyCount "73"]
[EventDate "2019.09.18"]
[EventType "team-tourn"]
[EventCountry "CRO"]
[SourceTitle "playchess.com"]
[Source "ChessBase"]
[SourceQuality "1"]
[WhiteTeam "England"]
[BlackTeam "Croatia"]
[WhiteTeamCountry "ENG"]
[BlackTeamCountry "CRO"]
[TimeControl "40/5400+30:1800+30"]

1. d4 c5 2. d5 d6 3. c4 e5 4. e4 Nf6 5. Nc3 Be7 6. Be2 O-O 7. f4 Nbd7 8. fxe5 Nxe5 9. Nf3 Nfd7 10. Bf4 f6 11. O-O a6 12. Qd2 Rb8 13. h3 Nb6 14. b3 Bd7 15. a4 Be8 16. Rfb1 Kh8 17. Nd1 Bg6 18. Qe3 Nbd7 19. Nh4 f5 20. Nxf5 Bxf5 21. exf5 Rxf5 22. g4 Rf7 23. Nf2 Ng6 24. Bg3 Qf8 25. Ne4 Bf6 26. Nxf6 Nxf6 27. Rf1 Re8 28. Qf2 Ne5 29. Bxe5 Rxe5 30. Bd3 Rg5 31. Rae1 Nxg4 32. Qh4 Nh2+ 33. Kxh2 h6 34. Qe4 Rf2+ 35. Rxf2 Qxf2+ 36. Kh1 g6 37. Qe8+ 1-0

[Event "ESTCC 65 2019"]
[Site "Mali Losinj"]
[Date "2019.09.23"]
[Round "6.28"]
[White "Petanjek, Zvonko"]
[Black "Ewart, Brian R"]
[Result "0-1"]
[ECO "B30"]
[WhiteElo "1650"]
[BlackElo "1882"]
[Annotator "NA"]
[PlyCount "95"]
[EventDate "2019.09.18"]
[EventType "team-tourn"]
[EventCountry "CRO"]
[SourceTitle "playchess.com"]
[Source "ChessBase"]
[SourceQuality "1"]
[WhiteTeam "Croatia"]
[BlackTeam "England"]
[WhiteTeamCountry "CRO"]
[BlackTeamCountry "ENG"]
[TimeControl "40/5400+30:1800+30"]

1. e4 c5 2. Nc3 Nc6 3. Nf3 a6 4. a3 b5 5. d4 cxd4 6. Nxd4 Bb7 7. Nxc6 Bxc6 8. Bd3 g6 9. O-O Bg7 10. Bd2 Qc7 11. Rb1 Nf6 12. Bg5 Qb7 13. Re1 d6 14. f3 O-O 15. Na2 a5 16. Nc3 b4 17. Ne2 h6 18. Bxf6 Bxf6 19. axb4 axb4 20. b3 Rfd8 21. Bc4 d5 22. exd5 Bxd5 23. Bxd5 Rxd5 24. Qc1 Qb6+ 25. Kh1 Rad8 26. Nf4 Rd2 27. Nd3 Bc3 28. Rd1 Rxd1+ 29. Qxd1 Qe3 30. Qg1 Qe2 31. Qf2 Qxf2 32. Nxf2 Rd2 33. Ng4 h5 34. Ne3 Bd4 35. Nd5 Bc5 36. c4 bxc3 37. Nxc3 Bb4 38. Ne4 Rc2 39. Kg1 e5 40. h3 Kf8 41. g4 hxg4 42. hxg4 f5 43. gxf5 gxf5 44. Ng3 Bc5+ 45. Kh1 Rf2 46. Nxf5 Rxf3 47. Rf1 Rxf1+ 48. Kg2 0-1

[Event "ESTCC 65 2019"]
[Site "Mali Losinj"]
[Date "2019.09.23"]
[Round "6.29"]
[White "James, Kevin"]
[Black "Peltola, Leo"]
[Result "1-0"]
[ECO "E20"]
[WhiteElo "1959"]
[BlackElo "1966"]
[Annotator "NA"]
[PlyCount "79"]
[EventDate "2019.09.18"]
[EventType "team-tourn"]
[EventCountry "CRO"]
[SourceTitle "playchess.com"]
[Source "ChessBase"]
[SourceQuality "1"]
[WhiteTeam "Ireland"]
[BlackTeam "Finland"]
[WhiteTeamCountry "IRL"]
[BlackTeamCountry "FIN"]
[TimeControl "40/5400+30:1800+30"]

1. d4 Nf6 2. c4 e6 3. Nc3 Bb4 4. f3 c5 5. d5 d6 6. e4 Bxc3+ 7. bxc3 e5 8. Bd3 O-O 9. Ne2 Re8 10. O-O Nbd7 11. Qe1 Nf8 12. g4 Kh8 13. Bg5 Ng6 14. Qg3 h6 15. Bd2 Qe7 16. Kh1 Bd7 17. Rg1 Nh7 18. Be1 Qf6 19. h4 Nf4 20. g5 hxg5 21. hxg5 Nxe2 22. Bxe2 Qg6 23. Qh4 Kg8 24. Bd2 Kf8 25. Rae1 Ke7 26. Bd1 Kd8 27. f4 Rh8 28. f5 Bxf5 29. exf5 Qxf5 30. Kg2 Kc7 31. Rgf1 Qg6 32. Qg4 Raf8 33. Qf5 Qxf5 34. Rxf5 g6 35. Rf3 f5 36. gxf6 Rxf6 37. Rh3 Rf7 38. Reh1 Kd7 39. Bg4+ Ke7 40. Be6 1-0

[Event "ESTCC 65 2019"]
[Site "Mali Losinj"]
[Date "2019.09.23"]
[Round "6.30"]
[White "Patola, Eero"]
[Black "Lohan, Martin"]
[Result "1/2-1/2"]
[ECO "A36"]
[WhiteElo "1798"]
[BlackElo "1796"]
[Annotator "NA"]
[PlyCount "89"]
[EventDate "2019.09.18"]
[EventType "team-tourn"]
[EventCountry "CRO"]
[SourceTitle "playchess.com"]
[Source "ChessBase"]
[SourceQuality "1"]
[WhiteTeam "Finland"]
[BlackTeam "Ireland"]
[WhiteTeamCountry "FIN"]
[BlackTeamCountry "IRL"]
[TimeControl "40/5400+30:1800+30"]

1. c4 c5 2. Nc3 Nf6 3. e4 d6 4. g3 Nc6 5. Bg2 a6 6. Nge2 g6 7. d3 Bg7 8. O-O Rb8 9. f4 Bg4 10. h3 Bxe2 11. Nxe2 O-O 12. g4 e6 13. Ng3 b5 14. e5 dxe5 15. Bxc6 exf4 16. Bxf4 Qd4+ 17. Kh2 e5 18. Bg5 e4 19. dxe4 Qxb2+ 20. Qe2 bxc4 21. Qxb2 Rxb2+ 22. Kh1 Rb6 23. Bxf6 Rxc6 24. Bxg7 Kxg7 25. Rac1 Rb8 26. Rxc4 Rb2 27. a4 Rd6 28. Re1 Rdd2 29. Nf1 Rd3 30. Re3 Rd1 31. Rf3 Rb4 32. Rxb4 cxb4 33. Kg2 Ra1 34. Rb3 Rxa4 35. Kf2 a5 36. Ke2 Kf6 37. Kd3 Ra3 38. Rxa3 bxa3 39. Ne3 a2 40. Nc2 Kg5 41. Ke3 h5 42. Kf3 h4 43. e5 f5 44. exf6 Kxf6 45. Ke4 1/2-1/2

[Event "ESTCC 65 2019"]
[Site "Mali Losinj"]
[Date "2019.09.23"]
[Round "6.31"]
[White "Egan, Colm"]
[Black "Virtanen, Esko"]
[Result "1/2-1/2"]
[ECO "D10"]
[WhiteElo "1710"]
[BlackElo "1771"]
[Annotator "NA"]
[PlyCount "75"]
[EventDate "2019.09.18"]
[EventType "team-tourn"]
[EventCountry "CRO"]
[SourceTitle "playchess.com"]
[Source "ChessBase"]
[SourceQuality "1"]
[WhiteTeam "Ireland"]
[BlackTeam "Finland"]
[WhiteTeamCountry "IRL"]
[BlackTeamCountry "FIN"]
[TimeControl "40/5400+30:1800+30"]

1. d4 d5 2. Bf4 Nf6 3. e3 Bf5 4. c4 c6 5. Nc3 e6 6. Qb3 Qb6 7. c5 Qxb3 8. axb3 a6 9. b4 Nbd7 10. b5 cxb5 11. Nxb5 Rc8 12. Nd6+ Bxd6 13. Bxd6 Ne4 14. Bf4 g5 15. Bg3 Nxg3 16. hxg3 O-O 17. Nf3 f6 18. b4 Kg7 19. Kd2 h6 20. Be2 e5 21. Rhc1 e4 22. Ne1 Nb8 23. b5 axb5 24. Ra7 Rf7 25. Bxb5 Nc6 26. Bxc6 bxc6 27. Rxf7+ Kxf7 28. Rb1 Kg6 29. Rb7 Be6 30. Nc2 Bf7 31. Nb4 Be8 32. f3 h5 33. fxe4 dxe4 34. Rb6 Kf5 35. Ke2 Bd7 36. Kf2 Be8 37. Ke2 Rc7 38. Kf2 1/2-1/2